Map: Orbital Shipyard

Players

MorroW

  • Race: Protoss Protoss
  • League: Master

Senin - Winner!

  • Race: Zerg Zerg
  • League: Grandmaster

Event: Gauntlet LotV Series 1 Qualifier 2

VOD

Have the link to the VOD?

Description

Time

  • Played on: Dec. 5, 2015, 2:43 p.m.
  • Length: 8:37

All games in this series

Show
View Real Time Build Order
Export as new Build Order

MorroW Protoss 

Build Orders: Nexus First, Zealot Archon 

Get SALT Encoding   

  12  0:00  Probe (Chrono Boost)  
  13  0:11  Probe (Chrono Boost)  
  14  0:20  Pylon  
  14  0:22  Probe (Chrono Boost)  
  15  0:38  Probe (Chrono Boost)  
  16  0:49  Probe (Chrono Boost)  
  17  1:01  Nexus  
  17  1:06  Probe (Chrono Boost)  
  18  1:11  Assimilator  
  18  1:17  Probe (Chrono Boost)  
  19  1:25  Gateway  
  19  1:27  Probe (Chrono Boost)  
  20  1:37  Assimilator  
  20  1:38  Probe (Chrono Boost)  
  21  1:42  Pylon  
  21  1:48  Probe (Chrono Boost)  
  22  1:59  Probe (Chrono Boost)  
  23  2:06  Gateway  
  23  2:10  Probe (Chrono Boost)  
  23  2:13  Cybernetics Core  
  24  2:17  Probe (Chrono Boost)  
  24  2:20  Probe (Chrono Boost)  
  26  2:29  Probe (Chrono Boost)  
  29  2:32  Probe (Chrono Boost)  
  30  2:42  Probe (Chrono Boost)  
  30  2:43  Probe (Chrono Boost)  
  32  2:51  Warp Gate  
  30  2:52  Probe (Chrono Boost)  
  30  2:53  Probe (Chrono Boost), Adept x2 (Chrono Boost)  
  36  3:03  Forge  
  36  3:04  Probe (Chrono Boost)  
  38  3:05  Probe (Chrono Boost)  
  38  3:10  Pylon  
  38  3:16  Probe (Chrono Boost)  
  38  3:17  Mothership Core (Chrono Boost)  
  38  3:18  Sentry x2  
  45  3:27  Probe (Chrono Boost)  
  45  3:28  Pylon  
  46  3:35  Probe (Chrono Boost), Protoss Ground Weapons Level 1 (Chrono Boost)  
  46  3:39  Probe (Chrono Boost)  
  48  3:46  Probe (Chrono Boost)  
  49  3:50  Probe (Chrono Boost)  
  50  3:56  Probe (Chrono Boost)  
  50  3:59  Adept x2  
  50  4:00  Probe (Chrono Boost)  
  56  4:07  Probe (Chrono Boost)  
  57  4:10  Assimilator  
  57  4:11  Probe (Chrono Boost), Pylon, Assimilator  
  57  4:16  Pylon  
  58  4:18  Probe (Chrono Boost)  
  58  4:21  Probe (Chrono Boost)  
  60  4:28  Probe  
  60  4:30  Probe  
  60  4:40  Probe  
  60  4:41  Probe  
  62  4:50  Nexus  
  62  4:51  Probe  
  62  4:52  Twilight Council, Probe  
  63  4:54  Robotics Facility  
  63  5:02  Probe  
  63  5:04  Probe  
  65  5:10  Pylon  
  65  5:12  Probe  
  65  5:16  Probe, Nexus  
  65  5:18  Pylon  
  67  5:23  Probe  
  67  5:26  Adept x2  
  72  5:28  Probe  
  72  5:31  Charge  
  72  5:33  Probe  
  72  5:34  Pylon, Protoss Ground Weapons Level 2 (Chrono Boost)  
  74  5:41  Probe  
  75  5:45  Probe  
  75  5:47  Warp Prism (Chrono Boost)  
  76  5:53  Probe  
  79  5:57  Probe  
  79  5:58  Gateway  
  79  5:59  Gateway  
  79  6:02  Gateway  
  79  6:03  Adept  
  79  6:04  Gateway, Adept  
  82  6:05  Probe  
  82  6:09  Probe  
  86  6:16  Immortal  
  86  6:17  Probe  
  87  6:19  Pylon  
  87  6:21  Probe  
  92  6:29  Probe, Pylon  
  92  6:32  Probe  
  93  6:33  Probe  
  93  6:36  Adept  
  93  6:37  Adept  
  93  6:39  Pylon  
  99  6:41  Probe  
  99  6:42  Probe  
  99  6:44  Templar Archives  
  99  6:45  Probe  
  102  6:50  Assimilator  
  102  6:51  Assimilator  
  102  7:01  Stalker x3  
  102  7:02  Stalker x3  
  112  7:11  Robotics Facility  
  112  7:13  Robotics Bay  
  112  7:24  Immortal  
  112  7:25  Pylon x2  
  112  7:27  Pylon  
  112  7:29  Pylon  
  116  7:35  Stargate  
  116  7:42  Mothership Core  
  114  7:50  High Templar x3  
  122  7:52  Zealot x3  
  122  7:58  Archon  
Show
View Real Time Build Order
Export as new Build Order

Senin Zerg - Winner!

Build Orders: Hatch First, Lurkers 

Get SALT Encoding   

  12  0:00  Drone  
  13  0:12  Overlord  
  13  0:17  Drone  
  14  0:30  Drone x2  
  14  0:35  Drone  
  17  0:51  Hatchery  
  17  0:55  Drone  
  17  0:59  Drone  
  18  1:07  Drone, Extractor  
  18  1:18  Spawning Pool  
  18  1:20  Drone  
  18  1:28  Drone  
  19  1:38  Drone  
  20  1:49  Drone  
  21  1:59  Overlord  
  21  2:05  Queen x2  
  21  2:06  Zergling x2  
  21  2:07  Metabolic Boost  
  26  2:11  Zergling x2  
  26  2:14  Drone  
  28  2:21  Drone  
  29  2:26  Drone  
  30  2:34  Overlord  
  30  2:37  Drone  
  31  2:41  Queen  
  33  2:44  Drone  
  33  2:46  Drone  
  35  2:53  Overlord  
  35  2:59  Drone  
  36  3:06  Hatchery  
  36  3:08  Drone x2  
  37  3:14  Drone x4  
  37  3:15  Drone  
  37  3:16  Drone  
  43  3:21  Overlord  
  43  3:23  Drone  
  44  3:30  Zergling x2  
  45  3:35  Zergling x2  
  45  3:36  Lair  
  46  3:41  Zergling x2  
  46  3:46  Zergling x2  
  46  3:47  Zergling x12  
  54  3:58  Zergling x4  
  54  4:01  Extractor  
  54  4:05  Drone  
  56  4:10  Drone  
  56  4:17  Overlord  
  56  4:21  Drone x7  
  61  4:27  Drone, Extractor x2  
  54  4:39  Roach Warren  
  54  4:40  Drone x2  
  54  4:41  Evolution Chamber  
  54  4:44  Zergling x6  
  57  4:51  Zergling x10  
  57  4:52  Zergling x4  
  64  4:57  Overlord x2  
  64  4:58  Overlord  
  64  5:04  Overlord  
  64  5:05  Overlord  
  64  5:07  Zerg Missile Weapons Level 1  
  64  5:08  Drone  
  64  5:10  Overlord  
  64  5:11  Overlord  
  65  5:16  Hydralisk Den  
  63  5:22  Drone  
  63  5:23  Drone x4  
  64  5:28  Drone x3  
  64  5:29  Drone  
  64  5:31  Glial Reconstitution  
  66  5:37  Drone x3  
  66  5:41  Drone  
  66  5:42  Drone  
  71  5:44  Drone x2  
  71  5:47  Lurker Den  
  73  5:58  Roach x5  
  73  6:02  Extractor  
  73  6:03  Drone x3  
  73  6:04  Extractor  
  84  6:05  Drone  
  84  6:06  Drone x2  
  84  6:10  Roach x2  
  91  6:13  Roach  
  91  6:14  Roach  
  95  6:19  Drone  
  95  6:22  Overlord x3  
  96  6:27  Overlord  
  96  6:34  Hydralisk x4  
  96  6:39  Roach x3  
  110  6:41  Roach  
  110  6:42  Roach  
  110  6:44  Ravager x2  
  110  6:45  Ravager x3  
  110  6:46  Ravager  
  120  6:47  Ravager  
  120  6:49  Roach x2  
  124  7:05  Hatchery, Zergling x2  
  124  7:06  Zergling x14  
  129  7:20  Drone x7  
  136  7:25  Lurker  
  136  7:26  Lurker x3  
  136  7:27  Zergling x4  
  142  7:31  Spore Crawler  
  142  7:32  Spore Crawler  
  142  7:34  Spore Crawler  
  142  7:35  Drone x2  
  141  7:44  Drone x4  
  141  7:46  Overlord x2  
  139  8:01  Zergling x16  
  140  8:11  Zergling x2  
  139  8:16  Zergling x10  
Tags
 
Add a new tag
Caveats
  • Supply blocks, unpowered buildings, or Contaminate may cause inaccurate times.
  • Supply counts are checked every 10 seconds.